 Dungeon Crawl Stone Soup version 0.24-a0-736-g4e6fe308c7 (webtiles) character file.

Game seed: 10027541514001201046, levelgen mode: deterministic

5060 Kohma the Destroyer (level 10, -7/88 HPs)
             Began as a Grey Draconian Conjurer on Oct 2, 2019.
             Was a Believer of Dithmenos.
             Mangled by a fire dragon (9 damage)
             ... on level 9 of the Dungeon.
             The game lasted 00:47:54 (14788 turns).

Kohma the Destroyer (Grey Draconian Conjurer)      Turns: 14788, Time: 00:47:55

Health: -7/88      AC: 14    Str: 11    XL:     10   Next: 31%
Magic:  25/29      EV:  8    Int: 18    God:    Dithmenos [**....]
Gold:   356        SH:  0    Dex: 12    Spells: 15/22 levels left

rFire    . . .     SeeInvis .   b - +0 hunting sling
rCold    + . .     Gourm    .   x - +0 large shield
rNeg     . . .     Faith    .   (armour unavailable)
rPois    .         Spirit   .   (helmet restricted)
rElec    .         Reflect  .   m - +1 cloak
rCorr    .         Harm     .   (no gloves)
MR       .....                  (no boots)
Stlth    +.........             y - amulet of the acrobat
HPRegen  0.24/turn              q - ring of magical power
MPRegen  0.21/turn              r - ring of protection from cold

@: confused, wreathed by umbra
A: walk through water, unfitting armour, unbreathing, cold-blooded, AC +12
a: Shadow Step, Renounce Religion


You were on level 9 of the Dungeon.
You worshipped Dithmenos.
Dithmenos was pleased with you.
You were very hungry.

You visited 2 branches of the dungeon, and saw 10 of its levels.

You collected 468 gold pieces.
You spent 112 gold pieces at shops.

Inventory:

Hand Weapons
 a - a +3 short sword
 b - a +0 hunting sling (weapon)
 i - a +2 falchion of holy wrath
Missiles
 g - 5 javelins
 j - 111 stones
 l - 159 arrows
 n - 30 sling bullets (quivered)
 o - 24 poisoned darts
 v - 71 bolts
 N - 3 datura-tipped darts
Armour
 m - a +1 cloak (worn)
 x - a +0 large shield (worn)
Jewellery
 q - a ring of magical power (left hand)
 r - a ring of protection from cold (right hand)
 y - an amulet of the acrobat (around neck)
 I - an uncursed ring of see invisible
 K - an uncursed amulet of magic regeneration
Wands
 k - a wand of polymorph (6)
 A - a wand of flame (8)
 D - a wand of disintegration (9)
 L - a wand of acid (12)
 M - a wand of iceblast (5)
Scrolls
 e - 2 scrolls of amnesia
 p - a scroll of enchant armour
 s - a scroll of fog
 u - 2 scrolls of teleportation
 B - a scroll of magic mapping
 G - a scroll of enchant weapon {unknown}
 O - a scroll of remove curse
Potions
 c - 3 potions of magic
 f - a potion of mutation {unknown}
 h - 2 potions of haste
 t - 3 potions of curing
 z - 2 potions of invisibility
 C - a potion of might
 E - 2 potions of flight
 F - a potion of cancellation
 H - 2 potions of lignification
 J - a potion of agility {unknown}
Comestibles
 w - 13 rations


   Skills:
 + Level 7.8 Fighting
 - Level 1.7 Dodging
 - Level 1.7 Stealth
 * Level 6.9 Shields
 + Level 6.8 Spellcasting
 - Level 10.0 Conjurations


You had 15 spell levels left.
You knew the following spells:

 Your Spells              Type           Power        Failure   Level  Hunger
a - Magic Dart            Conj           ####         1%          1    None
b - Searing Ray           Conj           #####.       2%          2    None
c - Iskenderun's Mystic   Conj           #####...     19%         4    ####...

Your spell library contained the following spells:

 Spells                   Type           Power        Failure   Level  Hunger
 Dazzling Spray           Conj/Hex       ###...       41%         3    ##.....
 Force Lance              Conj/Tloc      ###.....     82%         4    ####...
 Fulminant Prism          Conj/Hex       ###.......   82%         4    ####...


Dungeon Overview and Level Annotations

Branches:
Dungeon (9/15)             Temple (1/1) D:6            Lair (0/6) D:9
    Orc: D:9-12

Altars:
Ashenzari
Cheibriados
Dithmenos
Elyvilon
Fedhas
Gozag
Hepliaklqana
Kikubaaqudgha
Makhleb
Nemelex Xobeh
Okawaru
Qazlal
Ru
Sif Muna
Trog
Uskayaw
Vehumet
Wu Jian
Xom
Yredelemnul
Zin
The Shining One

Shops:
D:4 }%([[   D:5 (*%   D:6 [


Innate Abilities, Weirdness & Mutations

You can walk through water.
Your dull iron-grey scales are very hard. (AC +12)
You cannot fit into any form of body armour.
You can survive without breathing.
You are cold-blooded and may be slowed by cold attacks.


Message History

Aim: a fire dragon (almost dead, catching its breath, umbra)
The searing ray hits the fire dragon but does no damage.
The fire dragon is almost dead. (Press . to maintain the ray.)
The fire dragon breathes flames at you. The blast of flame hits you!
* * * LOW HITPOINT WARNING * * *
You hear a shout!
You are confused.
You feel invigorated.
You hear a shout!
The fire dragon bites you but does no damage.
The fire dragon claws you but does no damage.
The fire dragon tramples you but does no damage.
You hear a shout! x2
You bump into the rock wall.
The fire dragon bites you!
* * * LOW HITPOINT WARNING * * *
The fire dragon claws you but does no damage.
The fire dragon tramples you!
You die...

######............###########.#.#
...# ##.###.#...................#
##.# #..##.#.###############.###
##+#####.##.# #.....# #.# #....#
#..# #.###.# #.# #....##...#
#.###.########.# #....##.#.#
#.#...#........#
#..............#.#.###.########
#......§§≈.≈§..#@#.# #.#
'....#.§§≈§≈≈..#D#.# #.#
#....#.§≈)§≈§..#.#.###.##
#....#.§§§>.≈≈.#.#......#
######.§§≈≈.≈≈.#.#####..#
#§§≈≈≈≈.≈.#.#####..#
§....≈≈≈..#.....#..#
.......D..<.....#..#
.........########..#


You could see a fire dragon.

Vanquished Creatures
  Joseph (D:8)
  A hornet (D:9)
  Grinder (D:6)
  3 slime creatures
  A water moccasin (D:9)
  A sky beast (D:5)
  4 orc warriors
  A black bear (D:8)
  2 ice beasts
  6 ogres
  A necrophage (D:9)
  4 centaurs
  A big kobold (D:7)
  3 bullfrogs
  A gnoll sergeant (D:7)
  A water moccasin zombie (D:9)
  4 scorpions
  4 killer bees
  5 wights (D:8)
  A crimson imp (D:7)
  A hound (D:8)
  A bullfrog zombie (D:5)
  A quasit (D:7)
  4 orc priests
  8 orc wizards
  A bullfrog skeleton (D:9)
  A centaur skeleton (D:9)
  4 iguanas
  6 worker ants
  A hound skeleton (D:4)
  A worker ant zombie (D:5)
  7 gnolls (D:7)
  9 adders
  3 shadow imps
  An ooze (D:1)
  An adder skeleton (D:6)
  An adder zombie (D:7)
  3 worms
  A dart slug (D:2)
  2 leopard geckos
  29 orcs
  A ball python (D:2)
  7 bats
  9 giant cockroaches
  6 goblins
  6 hobgoblins
  9 jackals
  10 kobolds
  3 quokkas
  3 frilled lizards
  2 leopard gecko skeletons
  A quokka skeleton (D:7)
  15 rats
204 creatures vanquished.

Notes
Turn   | Place    | Note
-------+----------+-------------------------------------------
     0 | D:1      | Kohma the Draconian Conjurer began the quest for the Orb.
     0 | D:1      | Reached XP level 1. HP: 14/14 MP: 3/3
   312 | D:1      | Reached XP level 2. HP: 22/22 MP: 3/5
   348 | D:1      | Learned a level 2 spell: Searing Ray
   615 | D:1      | Reached skill level 1 in Fighting
  1441 | D:2      | Reached XP level 3. HP: 26/28 MP: 0/6
  2591 | D:2      | Reached XP level 4. HP: 30/36 MP: 0/7
  3295 | D:3      | Reached skill level 5 in Conjurations
  3885 | D:3      | Noticed an ice beast
  5087 | D:3      | Reached XP level 5. HP: 16/42 MP: 2/9
  5093 | D:3      | Learned a level 4 spell: Iskenderun's Mystic Blast
  5642 | D:4      | Found an opulent altar of Gozag.
  5764 | D:4      | Found Natag's Antique Armour Boutique.
  5779 | D:4      | Found Seebar's Antique Armour Emporium.
  5799 | D:4      | Bought a large shield for 112 gold pieces
  5904 | D:4      | Found Luetal's Antique Weapon Boutique.
  5922 | D:4      | Found Ficwaan's Food Boutique.
  5980 | D:4      | Noticed an ogre
  6011 | D:4      | Killed an ogre
  6011 | D:4      | Reached XP level 6. HP: 12/51 MP: 10/11
  6414 | D:4      | Reached skill level 1 in Shields
  6414 | D:4      | Reached skill level 6 in Conjurations
  6491 | D:4      | Found Seblereh's Gadget Shop.
  6580 | D:5      | Entered Level 5 of the Dungeon
  6693 | D:5      | Noticed an ice beast
  6703 | D:5      | Killed an ice beast
  6703 | D:5      | Your scales start taking on a dull iron-grey colour.
  6703 | D:5      | Reached XP level 7. HP: 57/57 MP: 12/12
  6703 | D:5      | Gained mutation: You can survive without breathing. [Grey
                  | Draconian growth]
  6771 | D:5      | Found Juqut's Food Emporium.
  7596 | D:5      | Reached skill level 7 in Conjurations
  7721 | D:5      | Found Wihuatik's Assorted Antiques.
  7933 | D:5      | Found Kirchoj's Weapon Shoppe.
  8169 | D:6      | Reached XP level 8. HP: 63/67 MP: 14/14
  8446 | D:6      | Found Sizutez's Armour Shop.
  8649 | D:6      | Noticed Grinder
  8656 | D:6      | Paralysed by Grinder for 5 turns
  8667 | D:6      | Killed Grinder
  8667 | D:6      | Reached skill level 5 in Fighting
  8818 | D:6      | Found a staircase to the Ecumenical Temple.
  8838 | Temple   | Entered the Ecumenical Temple
  8848 | Temple   | Became a worshipper of Dithmenos the Shadowed
  9219 | D:6      | Reached skill level 8 in Conjurations
  9701 | D:7      | Reached skill level 5 in Spellcasting
  9964 | D:7      | Reached XP level 9. HP: 43/75 MP: 3/16
 10213 | D:7      | Reached skill level 9 in Conjurations
 10898 | D:6      | Reached * piety under Dithmenos
 10898 | D:6      | Reached skill level 5 in Shields
 12389 | D:8      | Reached skill level 10 in Conjurations
 12445 | D:8      | Noticed Joseph
 12469 | D:8      | Killed Joseph
 12469 | D:8      | Reached XP level 10. HP: 44/86 MP: 15/19
 13107 | D:8      | Reached ** piety under Dithmenos
 14126 | D:9      | Noticed a fire dragon
 14127 | D:9      | Found a staircase to the Lair.
 14788 | D:9      | HP: 2/88 [fire dragon (13)]
 14788 | D:9      | Mangled by a fire dragon

Levels and vault maps discovered:
D:1:      elethiomel_arrival_shortcut, layout_basic
D:2:      minmay_razor_zed, layout_loops_corners, serial_forest,
          infiniplex_forest_end_3, infiniplex_forest_3_way,
          infiniplex_forest_fountain, infiniplex_forest_join
D:3:      layout_loops_ring, first_ration
D:4:      layout_basic, marbit_many_paths, serial_shops,
          nicolae_shop_waterfront, nicolae_shop_stone,
          nicolae_shop_behind_doors, shop, nicolae_shop_crystal, corner_web_ring
D:5:      layout_basic, serial_shops, shop, shop, shop, roderic_roman_lattice
D:6:      layout_gridville, minmay_temple_entry_overgrown, serial_shops,
          shop_statue, uniq_grinder
D:7:      layout_rooms
D:8:      layout_layer_cave, uniq_joseph
D:9:      layout_basic, minmay_lair_entry_lava
Temple:   compressed_dpeg_triangle_lava_temple

Skill      XL: |  1  2  3  4  5  6  7  8  9 10 |
---------------+-------------------------------+-----
Fighting       | 1 2 3 4 5 7 |  7.8
Conjurations   | 5 6 7 8 10 | 10.0
Spellcasting   | 3 4 5 6 |  6.8
Shields        | 1 3 4 5 6 |  6.9
Dodging        | |  1.7
Stealth        | |  1.7

Action                   |  1- 3 |  4- 6 |  7- 9 | 10-12 || total
-------------------------+-------+-------+-------+-------++-------
Melee: Unarmed           |     1 |       |       |       ||     1
       Short sword       |    37 |    42 |     3 |       ||    82
       Tailslap          |     2 |     5 |       |       ||     7
 Cast: Magic Dart        |    79 |    86 |   227 |    92 ||   484
       Searing Ray       |     1 |    24 |    54 |    12 ||    91
Evoke: Wand              |       |       |       |     5 ||     5
  Use: Scroll            |       |       |    19 |       ||    19
       Potion            |       |       |       |     1 ||     1
 Stab: Sleeping          |     2 |       |       |       ||     2
  Eat: Chunk             |     6 |    11 |    13 |     1 ||    31
       Ration            |       |     1 |     2 |     1 ||     4
Armor: Skin              |    21 |    37 |    64 |    27 ||   149
Dodge: Dodged            |    36 |    78 |   167 |    21 ||   302
Block: Large shield      |       |       |       |    25 ||    25

Table legend:
 A = Non-vault XP
 B = Vault XP
 C = Vault XP percentage of total XP
 D = Non-vault monster count
 E = Vault monster count
 F = Vault count percentage of total count
                 A         B        C        D         E       F
            +---------+---------+-------+---------+---------+-------
      Total |    6457 |     772 |  10.7 |     189 |      15 |   7.4
            +---------+---------+-------+---------+---------+-------
        D:1 |      26 |       0 |   0.0 |      13 |       0 |   0.0
        D:2 |      49 |      31 |  38.8 |      14 |      12 |  46.2
        D:3 |     110 |       0 |   0.0 |      26 |       0 |   0.0
        D:4 |     350 |       3 |   0.8 |      11 |       1 |   8.3
        D:5 |    1242 |       0 |   0.0 |      30 |       0 |   0.0
        D:6 |     969 |     267 |  21.6 |      18 |       1 |   5.3
        D:7 |    1298 |       0 |   0.0 |      34 |       0 |   0.0
        D:8 |    1538 |     471 |  23.4 |      32 |       1 |   3.0
        D:9 |     875 |       0 |   0.0 |      11 |       0 |   0.0
            +---------+---------+-------+---------+---------+-------
